 Dungeon Crawl Stone Soup version 0.18.1-48-g4cf74bf (webtiles) character file.

60 nikopol the Skirmisher (level 3, -2/34 HPs)
             Began as a Minotaur Berserker on Sept 4, 2016.
             Was a Believer of Trog.
             Slain by Grinder (5 damage)
             ... on level 3 of the Dungeon.
             The game lasted 00:02:16 (995 turns).

nikopol the Skirmisher (Minotaur Berserker)          Turns: 995, Time: 00:02:17

Health: -2/34      AC:  5    Str: 21    XL:     3   Next: 80%
Magic:  2/2        EV: 11    Int:  4    God:    Trog [**....]
Gold:   104        SH:  0    Dex: 10    Spells: 0 memorised, 2 levels left

rFire  . . .     SeeInvis .     a - +0 hand axe
rCold  . . .     Gourm    .     g - +0 ring mail
rNeg   . . .     Faith    .     (no shield)
rPois  .         Spirit   .     (helmet restricted)
rElec  .         Dismiss  .     (no cloak)
rCorr  .         Reflect  .     (no gloves)
SustAt .         Harm     .     (no boots)
MR     .....                    (no amulet)
Stlth  ..........               (no ring)
                                (no ring)

@: not resistant to hostile enchantments, extremely unstealthy
A: retaliatory headbutt, horns 2
a: Berserk, Trog's Hand, Burn Spellbooks, Renounce Religion


You were on level 3 of the Dungeon.
You worshipped Trog.
Trog was pleased with you.
You were not hungry.

You visited 1 branch of the dungeon, and saw 3 of its levels.

You collected 104 gold pieces.

Inventory:

Hand Weapons
 a - a +0 hand axe (weapon)
Missiles
 f - 36 arrows (quivered)
Armour
 b - a +0 animal skin
 g - a +0 ring mail (worn)
Jewellery
 n - an uncursed amulet of rage {unknown}
Scrolls
 j - 2 scrolls of identify {unknown}
 k - a scroll of blinking {unknown}
 l - a scroll of recharging {unknown}
 q - a scroll of remove curse {unknown}
Potions
 d - a potion of might {unknown}
 e - a potion of brilliance {unknown}
 h - a potion of heal wounds {unknown}
 p - a potion of curing {unknown}
Comestibles
 c - 4 bread rations
 i - 3 fruits
 m - a slice of pizza
 o - a meat ration


   Skills:
 + Level 4.4 Fighting
 + Level 4.3 Axes
 + Level 3.2 Armour
 + Level 2.6 Dodging


You had 2 spell levels left.
You didn't know any spells.

Dungeon Overview and Level Annotations

Branches:
Dungeon (3/15)

Altars:
Dithmenos
Vehumet

Annotations:
D:3 Grinder


Innate Abilities, Weirdness & Mutations

You reflexively headbutt those who attack you in melee.
You have a pair of horns on your head.


Message History

You hit Grinder.
Grinder is lightly wounded.
Grinder hits you.
You writhe in agony.
You hit Grinder. Your headbutt misses Grinder.
Grinder is lightly wounded.
Grinder hits you.
You writhe in agony. x2
You barely miss Grinder. Your headbutt misses Grinder.
Grinder is lightly wounded.
Grinder gestures at you. You resist with significant effort. Grinder hits you.
You writhe in agony.
You closely miss Grinder.
Grinder is lightly wounded.
Grinder hits you.
* * * LOW HITPOINT WARNING * * *
You writhe in agony.
* * * LOW HITPOINT WARNING * * *
You hit Grinder but do no damage. Your headbutt misses Grinder.
Grinder is lightly wounded.
Grinder hits you.
You die...

.# ####. . ....
#.#. ... #.#.
.. .<.# ##.#
#..##5.# #..#@#
#...# ##..##
#..## ##. #..##
... #...####.#
####.#......###
#....#.........
#.###......>...


You could see Grinder.

Vanquished Creatures
  An adder (D:2)
  A giant gecko (D:3)
  A ball python (D:2)
  A giant cockroach (D:1)
  4 goblins
  8 hobgoblins
  3 jackals (D:1)
  10 bats
  A giant newt (D:2)
  7 kobolds
  8 rats
45 creatures vanquished.

Notes
Turn   | Place    | Note
--------------------------------------------------------------
     0 | D:1      | nikopol the Minotaur Berserker began the quest for the Orb.
     0 | D:1      | Reached XP level 1. HP: 19/19 MP: 0/0
   248 | D:1      | Reached XP level 2. HP: 25/27 MP: 1/1
   355 | D:1      | Reached ** piety under Trog
   522 | D:2      | Reached XP level 3. HP: 32/33 MP: 2/2
   741 | D:2      | Found a shadowy altar of Dithmenos.
   803 | D:2      | Found a radiant altar of Vehumet.
   981 | D:3      | Noticed Grinder
   981 | D:3      | Paralysed by Grinder for 5 turns
   995 | D:3      | Slain by Grinder

Skill      XL: |  1  2 |
---------------+-------+-----
Fighting       | 4 |  4.4
Armour         | 3 |  3.2
Axes           | 4 |  4.3
Dodging        | |  2.6

Action                   || total
-------------------------++-------
Melee: Hand axe          ||    86
       Headbutt          ||    12
Invok: Burn Spellbooks   ||     1
Armor: Animal skin       ||     4
       Ring mail         ||    35
Dodge: Dodged            ||    52
